 Dungeon Crawl Stone Soup version 0.28-a0-919-g0b5b508569 (webtiles) character file.

Game seed: 4480145747199604776

351 bearlyready the Insei (level 6, 0/38 HPs)
             Began as an Octopode Transmuter on Nov 26, 2021.
             Slain by Blork the orc (5 damage)
             ... on level 4 of the Dungeon.
             The game lasted 00:04:35 (4664 turns).

bearlyready the Insei (Octopode Transmuter)         Turns: 4664, Time: 00:04:36

Health: 0/38       AC:  1    Str: 10    XL:     6   Next: 61%
Magic:  9/9        EV: 13    Int: 17    God:
Gold:   94         SH:  0    Dex: 12    Spells: 3/9 levels left

rFire   . . .      SeeInvis .     - Unarmed
rCold   . . .      Faith    .   (no shield)
rNeg    . . .      Spirit   .   (helmet restricted)
rPois   +          Reflect  .   (no amulet)
rElec   .          Harm     .   k - ring of poison resistance
rCorr   .          Rampage  .   (no ring)
Will    .....                   (no ring)
Stlth   ++........              (no ring)
HPRegen 0.12/turn               (no ring)
MPRegen 0.11/turn               (no ring)
                                (no ring)
                                (no ring)

@: no status effects
A: almost no armour, amphibious, 8 rings, camouflage 1, gelatinous body 1,
(nimble swimmer 1), tentacles
a: no special abilities


You were on level 4 of the Dungeon.
You visited 1 branch of the dungeon, and saw 4 of its levels.

You collected 94 gold pieces.

Inventory:

Missiles
 c - 95 stones
Armour
 i - a +0 buckler
Jewellery
 k - a ring of poison resistance (left tentacle)
Scrolls
 a - a scroll of teleportation {unknown}
 d - a scroll of enchant armour {unknown}
 f - a scroll of torment {unknown}
 g - a scroll of vulnerability {unknown}
 h - a scroll of immolation {unknown}
 j - a scroll of noise {unknown}
 m - a scroll of fog {unknown}
Potions
 b - a potion of brilliance {unknown}
 e - a potion of curing {unknown}
 l - a potion of berserk rage {unknown}


   Skills:
 - Level 1.0 Fighting
 - Level 2.0 Dodging
 + Level 4.9 Unarmed Combat
 - Level 2.0 Spellcasting
 + Level 4.4 Transmutations
 + Level 3.6 Poison Magic


You had 3 spell levels left.
You knew the following spells:

 Your Spells              Type           Power      Damage    Failure   Level
a - Beastly Appendage     Tmut           32%        N/A       3%          1
b - Wereblood             Tmut           16%        N/A       4%          2
c - Spider Form           Tmut/Pois      15%        N/A       11%         3

Your spell library contained the following spells:

 Spells                   Type           Power      Damage    Failure   Level
 Sublimation of Blood     Necr           1%         N/A       28%         2
 Ice Form                 Ice/Tmut       9%         N/A       61%         4
 Summon Hydra             Summ           0%         N/A       100%        7


Dungeon Overview and Level Annotations

Branches:
Dungeon (4/15)
 Temple: D:4-7

Altars:
Elyvilon
Kikubaaqudgha

Shops:
D:3 *

Annotations:
D:4 Blork the orc, Eustachio


Innate Abilities, Weirdness & Mutations

You cannot wear most types of armour.
You are amphibious.
You can wear up to eight rings at the same time.
Your skin changes colour to match your surroundings (Stealth+).
Your rubbery body absorbs attacks. (AC +1, EV +1)
((You are camouflaged near water. (Stealth+)))
You have tentacles for arms and can constrict up to eight enemies at once.


Message History

No target in view!
Items here: )) [ †.
Your transformation is almost over.
Magic restored.
Your transformation has ended.
HP restored.
Things that are here:
a +0 hand axe; a +0 chain mail You open the door.
Blork the orc comes into view.
He is wielding a +2 hand axe of freezing.
Blork the orc is nearby!
There is an open door here.
The helpless Blork the orc fails to defend himself.
You bludgeon Blork the orc! Your grab misses Blork the orc.
Blork the orc is moderately wounded.
Blork the orc misses you.
You tentacle-slap Blork the orc but do no damage.
Your grab misses Blork the orc.
Blork the orc is moderately wounded.
Blork the orc casts a spell at you. The magic dart hits you!
You closely miss Blork the orc. Your grab misses Blork the orc.
Your tentacle-slap misses Blork the orc.
You squeeze Blork the orc.
Blork the orc is moderately wounded.
Blork the orc hits you with a +2 hand axe of freezing!
Blork the orc freezes you.
You tentacle-slap Blork the orc but do no damage.
You grab Blork the orc. You squeeze Blork the orc!
Blork the orc is heavily wounded.
You constrict Blork the orc. Blork the orc completely misses you.
Okay, then.
You aren't carrying any items that you can evoke.
You tentacle-slap Blork the orc but do no damage.
Blork the orc is heavily wounded.
You constrict Blork the orc.
Blork the orc hits you with a +2 hand axe of freezing!
* * * LOW HITPOINT WARNING * * *
Blork the orc freezes you.
You die...

############
#>.........+
#######.#<#.# .
..........#.#..
#######.......#
#.#...#.......#.#
#..o@.#.)))#....#
#####'##.....#..#
#..........###
#..<.......#
#..........#
#..........#
#..........#
...........#
............#


You could see Blork the orc.

Vanquished Creatures
  Sigmund (D:2)
  A sky beast (D:4)
  A hound skeleton (D:4)
  2 adders (D:2)
  An adder skeleton (D:4)
  5 worms
  2 dart slugs
  6 orcs
  4 endoplasms
  3 giant cockroaches
  6 hobgoblins
  6 jackals (D:1)
  4 kobolds
  3 quokkas
  3 ball pythons
  3 bats
  4 goblins
  6 rats
61 creatures vanquished.

Notes
Turn   | Place    | Note
-------+----------+-------------------------------------------
     0 | D:1      | bearlyready the Octopode Transmuter began the quest for the
                  | Orb.
     0 | D:1      | Reached XP level 1. HP: 13/13 MP: 3/3
   390 | D:1      | Reached XP level 2. HP: 11/18 MP: 5/5
   393 | D:1      | Learned a level 2 spell: Wereblood
  1170 | D:1      | Reached XP level 3. HP: 21/23 MP: 6/6
  1296 | D:2      | Found a faded altar of an unknown god.
  1526 | D:2      | Learned a level 3 spell: Spider Form
  1771 | D:2      | Noticed Sigmund
  1792 | D:3      | Found Goivem's Assorted Antiques.
  2102 | D:3      | Found an ancient bone altar of Kikubaaqudgha.
  2234 | D:3      | Reached skill level 1 in Poison Magic
  2646 | D:3      | Reached XP level 4. HP: 23/28 MP: 7/7
  3203 | D:4      | Noticed Eustachio
  3221 | D:4      | Noticed a sky beast
  3231 | D:4      | HP: 1/28 [something (6)]
  3239 | D:4      | Killed a sky beast
  3240 | D:4      | Reached XP level 5. HP: 3/33 MP: 5/8
  4113 | D:2      | Found a white marble altar of Elyvilon.
  4404 | D:2      | Killed Sigmund
  4405 | D:2      | Reached XP level 6. HP: 32/38 MP: 6/9
  4657 | D:4      | Noticed Blork the orc
  4664 | D:4      | Slain by Blork the orc

Illustrated notes

Levels and vault maps discovered:
D:1:      evilmike_arrival_plus, layout_basic, chequers_serial_rivers_micro_c,
          minmay_stone_trees_medium
D:2:      layout_basic, basic_altar, nicolae_ecumenical_oubliette, uniq_sigmund
D:3:      layout_loops_cross, mainiacjoe_overflow_24_doors, serial_shops,
          nicolae_shop_window_shopping
D:4:      layout_basic, minmay_overflow_temple_hex, uniq_ijyb, uniq_eustachio,
          uniq_blork_the_orc

Skill      XL: |  1  2  3  4  5 |
---------------+----------------+-----
Transmutations | 3 4 |  4.4
Poison Magic   | 1 2 3 |  3.6
Unarmed Combat | 4 |  4.9
Fighting       | |  1.0
Dodging        | |  2.0
Spellcasting   | |  2.0

Action                   |  1- 3 |  4- 6 || total
-------------------------+-------+-------++-------
Melee: Unarmed           |    99 |    76 ||   175
       Constrict         |    26 |    11 ||    37
       Tentacles         |    18 |     9 ||    27
       Kick              |     5 |       ||     5
       Punch             |     5 |     1 ||     6
 Cast: Beastly Appendage |     2 |       ||     2
       Wereblood         |     1 |       ||     1
       Spider Form       |       |     3 ||     3
 Stab: Sleeping          |     8 |     3 ||    11
Armor: Skin              |     5 |     6 ||    11
Dodge: Dodged            |    47 |    47 ||    94

Table legend: (Time is in decaauts)
 A = Elapsed time spent in this place.
 B = Non-inter-level travel time spent in this place.
 C = Inter-level travel time spent in this place.
 D = Time resting spent in this place.
 E = Time spent auto-exploring this place.
 F = Levels seen in this place.
 G = Mean time per level.
                   A        B        C        D        E       F      G
               +--------+--------+--------+--------+--------+-----+--------+
         Total |   4654 |   4489 |    165 |    506 |   3396 |   4 | 1163.5 |
       Dungeon |   4654 |   4489 |    165 |    506 |   3396 |   4 | 1163.5 |
               +--------+--------+--------+--------+--------+-----+--------+

Top non-repeatable levels by time:
     D:1: 1448 daAuts
     D:3: 1442 daAuts
     D:2: 1348 daAuts
     D:4: 415 daAuts
